 Dungeon Sprint DCSS version 0.32-a0-411-g744942f433 (webtiles) character file.

Game seed: 11469482287337653325

33 shadowstone the Changeling (level 3, 0/23 HPs)
             Began as an Octopode Shapeshifter on Feb 20, 2024.
             Slain by a phantom (7 damage)
             ... in the Dungeon (Sprint VII: "The Pits").
             The game lasted 00:00:32 (92 turns).

shadowstone the Changeling (Octopode Shapeshifter)    Turns: 92, Time: 00:00:32

Health: 0/23       AC:  1    Str: 15    XL:     3   Next: 29%
Magic:  3/3        EV: 13    Int: 12    God:
Gold:   0          SH:  0    Dex: 11    Spells: 2/2 levels left

rFire   . .          .
                       - Unarmed
rCold   . . .        (no shield)
rNeg    . . .        (helmet currently unavailable)
rPois   .            (no amulet)
rElec   .            (no ring)
rCorr   .            (no ring)
SInv    .            (no ring)
Will    .....        (no ring)
Stlth   +++          (no ring)
HPRegen 0.23/turn    (no ring)
MPRegen 0.08/turn    (no ring)
                     (no ring)

%: no teleportation
@: beast-form
A: beast (slay +2), almost no armour, amphibious, 8 rings, camouflage 1,
gelatinous body 1, (nimble swimmer 1), tentacles
a: Begin Untransformation


You were in the Dungeon.
You were a hulking beast.
You visited 1 branch

Inventory:

Talismans
 b - a beast talisman (active)
 c - a flux talisman
Scrolls
 i - a scroll of blinking
Potions
 a - a potion of lignification
 d - a potion of curing
 e - a potion of heal wounds
 f - a potion of haste
 g - 2 potions of magic
 h - a potion of berserk rage


   Skills:
 + Level 1.1 Fighting
 + Level 2.6 Dodging
 + Level 2.0 Stealth
 + Level 4.6 Unarmed Combat
 + Level 5.0 Shapeshifting


You had 2 spell levels left.
You didn't know any spells.
Your spell library was empty.

Dungeon Overview and Level Annotations

Branches:
Dungeon (1/1)

Altars:


Innate Abilities, Weirdness & Mutations

You are a hulking beast.
Your limbs bulge with bestial killing power. (Slay +2)
You cannot wear most types of armour.
You are amphibious.
You can wear up to eight rings at the same time.
Your skin changes colour to match your surroundings (Stealth+).
Your rubbery body absorbs attacks. (AC +1, EV +1)
((You are camouflaged when in or above water. (Stealth+)))
You have tentacles for arms and can constrict up to eight enemies at once.


Message History

You see here a jackal corpse.
You tentacle-slap the jackal.
You kill the jackal!
You see here a jackal corpse.
You start resting.
HP restored.
You see here a jackal corpse.
You open the door.
A giant cockroach and a ball python zombie come into view.
There is an open door here.
A hobgoblin comes into view.
A phantom comes into view.
The helpless ball python zombie fails to defend itself.
You tentacle-slap the ball python zombie.
Your grab misses the ball python zombie.
The ball python zombie is severely damaged.
The phantom hits you!
The ball python zombie barely misses you.
The ball python zombie grabs you. The ball python zombie constricts you.
You tentacle-slap the ball python zombie.
You destroy the ball python zombie!
Your Stealth skill increases to level 2!
Unknown command.
You closely miss the phantom. You squeeze the phantom!
The phantom is moderately damaged.
The phantom barely misses you.
You tentacle-slap the phantom.
The phantom is heavily damaged.
The phantom hits you.
You tentacle-slap the phantom. Your squeeze misses the phantom.
The phantom is heavily damaged.
The phantom misses you.
You tentacle-slap the phantom.
The phantom is heavily damaged.
The phantom hits you.
Unknown command.
You closely miss the phantom. Your squeeze misses the phantom.
The phantom is heavily damaged.
The phantom hits you!
You die...

#+#####'#####......#..#.
#..#..# #...........
#.†'.†# ####'#####++
#††#### #.......#
#..#.g# #.......#
#..#..# #.......#
##'#..#+###...<...#
#....W..B##.......#
#....h...##.......#
###########.......#
#########


You could see a phantom, a giant cockroach (asleep) and a hobgoblin (asleep).

Vanquished Creatures
  A river rat (D)
  An adder (D)
  2 endoplasms (D)
  3 jackals (D)
  A ball python zombie (D)
  A rat (D)
9 creatures vanquished.

Notes
Turn   | Place    | Note
-------+----------+-------------------------------------------
     0 | D        | shadowstone the Octopode Shapeshifter began the quest for
                  | the Orb.
     0 | D        | Reached XP level 1. HP: 13/13 MP: 1/1
    15 | D        | Reached skill level 4 in Shapeshifting
    15 | D        | Reached XP level 2. HP: 18/18 MP: 2/2
    26 | D        | Reached skill level 1 in Stealth
    32 | D        | Reached XP level 3. HP: 18/23 MP: 3/3
    38 | D        | Reached skill level 5 in Shapeshifting
    83 | D        | Noticed a phantom
    92 | D        | Slain by a phantom

Illustrated notes

Levels and vault maps discovered:
D:        pitsprint [storerooms_1, entrance_room_1, metal_vault_1, armoury_3,
          mini_pit_1, grid_room_1, main_hall_1, silver_pit, the_coven_3,
          the_vestibule_1, steel_vault_3, golden_pit, hallway_of_sentries,
          crystal_vault_4, iron_vault_2, final_vault]

Skill      XL: |  1  2  3 |
---------------+----------+-----
Unarmed Combat | 4 |  4.6
Shapeshifting  | 4 5 |  5.0
Stealth        | 1 2 |  2.0
Fighting       | |  1.1
Dodging        | |  2.6

Action                     || total
---------------------------++-------
  Melee: Unarmed           ||    18
         Constrict         ||     2
         Tentacles         ||     2
   Stab: Sleeping          ||     5
 Armour: Skin              ||     7
  Dodge: Dodged            ||    13

Table legend: (Time is in decaauts)
 A = Elapsed time spent in this place.
 B = Non-inter-level travel time spent in this place.
 C = Inter-level travel time spent in this place.
 D = Time resting spent in this place.
 E = Time spent auto-exploring this place.
 F = Levels seen in this place.
 G = Mean time per level.
                   A        B        C        D        E       F      G
               +--------+--------+--------+--------+--------+-----+--------+
         Total |     90 |     90 |      0 |     35 |      0 |   1 |   90.0 |
       Dungeon |     90 |     90 |      0 |     35 |      0 |   1 |   90.0 |
               +--------+--------+--------+--------+--------+-----+--------+

Top non-repeatable levels by time:
       D: 90 daAuts
